 Dungeon Sprint DCSS version 0.31-a0-7-g51783674b7 (webtiles) character file.

Game seed: 3991344442314510619

702 sircluck the Grappler (level 7, -2/79 HPs)
             Began as a Troll Berserker on May 5, 2023.
             Was an Elder of Trog.
             Slain by a troll (10 damage)
             ... in the Dungeon (Sprint IX: "|||||||||||||||||||||||||||||").
             The game lasted 00:01:17 (368 turns).

sircluck the Grappler (Troll Berserker)              Turns: 368, Time: 00:01:17

Health: -2/79      AC:  7    Str: 28    XL:     7   Next: 39%
Magic:  6/6        EV: 11    Int:  6    God:    Trog [****..]
Gold:   0          SH:  0    Dex:  9    Spells: 6/6 levels left

rFire   . .          .
                       - Unarmed
rCold   . . .        (no shield)
rNeg    . . .        a - +0 animal skin
rPois   .            (helmet restricted)
rElec   .            j - +0 cloak
rCorr   .            (gloves unavailable)
SInv    .            (boots unavailable)
Will    .....        (no amulet)
Stlth   +            l - +2 ring of protection
HPRegen 1.13/turn    k - +3 ring of intelligence
MPRegen 0.10/turn

%: no teleportation
@: on berserk cooldown, slowed, very slow
A: large, unfitting armour, claws 3, regeneration 1, shaggy fur 1, tough skin 1
a: Renounce Religion, Berserk, Trog's Hand, Brothers in Arms


You were in the Dungeon.
You worshipped Trog.
Trog was greatly pleased with you.
You visited 1 branch

Inventory:

Armour
 a - a +0 animal skin (worn)
 j - a +0 cloak (worn)
Jewellery
 k - a +3 ring of intelligence (right claw)
 l - a +2 ring of protection (left claw)
Wands
 i - a wand of light (9)
Potions
 b - 5 potions of curing
 c - a potion of heal wounds
 d - a potion of haste
 e - 4 potions of magic
 f - a potion of berserk rage
 h - a potion of invisibility


   Skills:
 + Level 7.8 Fighting
 + Level 7.8 Dodging
 + Level 10.9 Unarmed Combat


You had 6 spell levels left.
You didn't know any spells.
Your spell library was empty.

Dungeon Overview and Level Annotations

Branches:
Dungeon (1/1)

Altars:
Cheibriados
Dithmenos
Elyvilon
Fedhas
Gozag
Hepliaklqana
Kikubaaqudgha
Makhleb
Nemelex Xobeh
Okawaru
Qazlal
Ru
Sif Muna
Trog
Uskayaw
Vehumet
Wu Jian
Xom
Yredelemnul
Zin
The Shining One
Jiyva
Lugonu


Innate Abilities, Weirdness & Mutations

You are too large for most types of armour.
You have claws for hands.
Your natural rate of healing is unusually fast.
You are covered in fur. (AC +1)
You have tough skin. (AC +1)


Message History

There is a sparkling altar of Nemelex Xobeh here.
You closely miss the troll. The troll bites you. The troll claws you!
The troll claws you. The troll barely misses you. The troll claws you.
The troll misses you.
You scratch the troll.
The troll is lightly wounded.
The troll bites you. The troll claws you!
* * * LOW HITPOINT WARNING * * *
The troll claws you.
* * * LOW HITPOINT WARNING * * *
You feel much better. The troll bites you but does no damage.
The troll claws you. The troll barely misses you.
You claw the troll!
The troll is moderately wounded.
The troll bites you but does no damage. The troll claws you but does no damage.
The troll claws you.
You barely miss the troll.
The troll is moderately wounded.
The troll bites you. The troll claws you. The troll claws you!
* * * LOW HITPOINT WARNING * * *
The troll barely misses you. The troll completely misses you.
The troll claws you.
* * * LOW HITPOINT WARNING * * *
You barely miss the troll.
The troll is moderately wounded.
The troll bites you!
* * * LOW HITPOINT WARNING * * *
The troll claws you.
* * * LOW HITPOINT WARNING * * *
The troll barely misses you.
Aiming: Bolt of Light
Press: ? - help, Q - select action, (/) - cycle Shift-Dir - straight line, f - troll
Aim: a troll (71% to hit)
The bolt of light hits the troll!
The troll is severely wounded.
The troll is blinded.
The bolt of light hits the troll!
The troll is moderately wounded.
The troll is blinded.
The troll barely misses you. The troll claws you!
You die...

▓_▓
▓_▓
▓_▓
▓_▓
▓_▓
▓_▓
▓T▓
▓T▓
▓@▓
▓_▓
▓_▓
▓_▓
▓_▓
▓_▓
▓_▓
▓_▓
▓_▓


You could see 2 trolls.

Vanquished Creatures
  A komodo dragon (D)
  A yak (D)
  A centaur (D)
  A phantom (D)
  A kobold brigand (D)
  A jelly (D)
  2 iguanas (D)
  A white imp (D)
  An endoplasm (D)
  2 goblins (D)
  2 rats (D)
14 creatures vanquished.

Notes
Turn   | Place    | Note
-------+----------+-------------------------------------------
     0 | D        | sircluck the Troll Berserker began the quest for the Orb.
     0 | D        | Reached XP level 1. HP: 22/22 MP: 0/0
     8 | D        | Reached ** piety under Trog
    23 | D        | Noticed a phantom
    23 | D        | Noticed a jelly
    23 | D        | Noticed an iguana
    23 | D        | Noticed an iguana
    30 | D        | Killed an iguana
    31 | D        | Reached skill level 4 in Unarmed Combat
    31 | D        | Reached XP level 2. HP: 24/32 MP: 1/1
    31 | D        | Reached XP level 3. HP: 29/39 MP: 2/2
    31 | D        | Reached *** piety under Trog
    39 | D        | Reached skill level 5 in Unarmed Combat
    41 | D        | Reached skill level 6 in Unarmed Combat
    41 | D        | Reached XP level 4. HP: 22/49 MP: 3/3
    48 | D        | Killed a phantom
    49 | D        | Reached skill level 5 in Fighting
    49 | D        | Reached skill level 5 in Dodging
    49 | D        | Reached skill level 7 in Unarmed Combat
    49 | D        | Reached XP level 5. HP: 16/57 MP: 4/4
    92 | D        | Found a snail-covered altar of Cheibriados.
    92 | D        | Found a shadowy altar of Dithmenos.
    92 | D        | Found a white marble altar of Elyvilon.
    92 | D        | Found a blossoming altar of Fedhas.
    92 | D        | Found an opulent altar of Gozag.
    93 | D        | Found a hazy altar of Hepliaklqana.
    94 | D        | Found a viscous altar of Jiyva.
    95 | D        | Found an ancient bone altar of Kikubaaqudgha.
    96 | D        | Found a corrupted altar of Lugonu.
    97 | D        | Found a burning altar of Makhleb.
    98 | D        | Found a sparkling altar of Nemelex Xobeh.
    99 | D        | Found an iron altar of Okawaru.
   100 | D        | Found a stormy altar of Qazlal.
   101 | D        | Found a sacrificial altar of Ru.
   102 | D        | Found a shimmering blue altar of Sif Muna.
   103 | D        | Found a bloodstained altar of Trog.
   104 | D        | Found a hide-covered altar of Uskayaw.
   105 | D        | Found a radiant altar of Vehumet.
   106 | D        | Found an ornate altar of the Wu Jian Council.
   107 | D        | Found a shimmering altar of Xom.
   108 | D        | Found a basalt altar of Yredelemnul.
   109 | D        | Found a glowing silver altar of Zin.
   110 | D        | Found a glowing golden altar of the Shining One.
   142 | D        | Noticed a troll
   142 | D        | Noticed a troll
   142 | D        | Noticed a yak
   142 | D        | Noticed a centaur
   142 | D        | Noticed a komodo dragon
   324 | D        | Killed a komodo dragon
   324 | D        | Reached **** piety under Trog
   325 | D        | Reached skill level 9 in Unarmed Combat
   325 | D        | Reached XP level 6. HP: 71/71 MP: 5/5
   334 | D        | Reached skill level 10 in Unarmed Combat
   339 | D        | Killed a yak
   340 | D        | Reached XP level 7. HP: 61/78 MP: 6/6
   368 | D        | Slain by a troll

Illustrated notes

Levels and vault maps discovered:
D:        linesprint [early_d, line_temple, items_1, d_10, items_2, lair_1,
          lair_end, items_3, orc_1, orc_end, items_4, d_15, swamp_1, shoals_1,
          snake_1, spider_1, d_20, vaults_1, items_5, swamp_end, shoals_end,
          snake_end, spider_end, vaults_end, d_27, items_6, zot_1, zot_end,
          crypt_end, forest_end, elf_end, slime_end, tomb_end, abyss_end,
          pan_hell_end]

Skill      XL: |  1  2  3  4  5  6 |
---------------+-------------------+-----
Fighting       | 3 4 5 7 |  7.8
Dodging        | 3 4 5 7 |  7.8
Unarmed Combat | 4 6 7 9 10 | 10.9

Action                     |  1- 3 |  4- 6 |  7- 9 || total
---------------------------+-------+-------+-------++-------
  Melee: Unarmed           |    26 |    27 |    17 ||    70
         Punch             |       |     1 |     2 ||     3
 Invoke: Berserk           |       |     1 |       ||     1
  Evoke: Wand              |       |       |     1 ||     1
    Use: Scroll            |       |     1 |     1 ||     2
         Potion            |       |       |     2 ||     2
 Armour: Animal skin       |     1 |     5 |    11 ||    17
  Dodge: Dodged            |    10 |    13 |    22 ||    45

Table legend: (Time is in decaauts)
 A = Elapsed time spent in this place.
 B = Non-inter-level travel time spent in this place.
 C = Inter-level travel time spent in this place.
 D = Time resting spent in this place.
 E = Time spent auto-exploring this place.
 F = Levels seen in this place.
 G = Mean time per level.
                   A        B        C        D        E       F      G
               +--------+--------+--------+--------+--------+-----+--------+
         Total |    368 |    368 |      0 |    152 |     11 |   1 |  368.0 |
       Dungeon |    368 |    368 |      0 |    152 |     11 |   1 |  368.0 |
               +--------+--------+--------+--------+--------+-----+--------+

Top non-repeatable levels by time:
       D: 368 daAuts
